AoeStats
← aren12100

Arabia

509987150Analyzed
1v1 RM · 4d ago on Sep 28, 2026· 50m 52s· 2 players
Game mode
Random Map
Map size
Tiny (2 player)
Population
200
Speed
Normal
Resources
Standard
Victory
Conquest
Starting age
Dark Age
Ending age
Imperial Age
RankedLock teamsTeams togetherTeam positionsShared explorationLock speedFull tech treeHidden civsTurbo modeCheats
Victory
Defeat
🇯🇵 Spanish · Japan
460
+10
🇹🇷 Franks · Türkiye
325
-10
MaTHeLLoN
10:31 Loom
14:35 Feudal Age
15:07 Double-Bit Axe
21:22 Forging
25:59 Castle Age
28:29 Gold Mining
28:30 Stone Mining
28:43 Husbandry
29:22 Iron Casting
30:21 Scale Barding Armor
32:06 Bow Saw
33:23 Gold Shaft Mining
35:48 Fervor
40:02 Imperial Age
38:08 Wheelbarrow
41:40 Cavalier
43:22 Block Printing
43:33 Sanctity
43:20 Devotion
45:25 Chivalry
aren12100
9:38 Loom
13:38 Feudal Age
20:17 Castle Age
18:33 Fletching
22:00 Double-Bit Axe
21:59 Horse Collar
26:44 Wheelbarrow
27:25 Husbandry
28:06 Stone Mining
31:08 Heavy Plow
31:39 Bow Saw
32:08 Forging
32:42 Hand Cart
33:00 Bloodlines
35:12 Gold Mining
36:05 Iron Casting
35:36 Scale Barding Armor
37:14 Ballistics
38:11 Murder Holes
40:06 Chain Barding Armor
39:43 Bodkin Arrow
40:03 Masonry
42:30 Imperial Age
42:37 Cavalier
44:23 Blast Furnace
43:59 Plate Barding Armor
45:28 Paladin
51:43 Conscription
Connection lost

Rejoining the realm…

Still unreachable

The connection could not be restored.

Session expired

The server has moved on; the page needs a fresh start.